 Dungeon Crawl Stone Soup version 0.26.0-45-g9c1d065592 (webtiles) character file.

Game seed: 2884335302778102461

544 kaeus the Sneak (level 7, -5/47 HPs)
             Began as an Octopode Enchanter on Jan 29, 2021.
             Was a Believer of Uskayaw.
             Slain by Edmund
             ... wielding a +1 dire flail of protection
              (9 damage)
             ... on level 4 of the Dungeon.
             The game lasted 00:06:31 (5328 turns).

kaeus the Sneak (Octopode Enchanter)                Turns: 5328, Time: 00:06:32

Health: -5/47      AC:  1    Str:  5 (7)  XL:     7   Next: 27%
Magic:  5/11       EV: 14    Int: 22 (24) God:    Uskayaw [**....]
Gold:   193        SH:  0    Dex: 13 (14) Spells: 6/12 levels left

rFire    . . .     SeeInvis .   x - +10 broad axe "Roaf" {vorpal, rPois rC- Int+4}
rCold    . . .     Faith    .   (no shield)
rNeg     . . .     Spirit   .   (helmet restricted)
rPois    +         Reflect  .   (no amulet)
rElec    .         Harm     .   q - ring of protection from cold
rCorr    +         Rampage  .   w - ring of resist corrosion
Will     .....                  (no ring)
Stlth    ++++......             (no ring)
HPRegen  0.15/turn              (no ring)
MPRegen  0.12/turn              (no ring)
                                (no ring)
                                (no ring)

@: flying, very slightly contaminated
A: almost no armour, stealthy swim, amphibious, 8 rings, constrict 8, camouflage
1, clever 1, gelatinous body 1, MP-powered wands
a: Renounce Religion, Stomp, Line Pass


You were on level 4 of the Dungeon.
You worshipped Uskayaw.
Uskayaw was noncommittal.
You visited 1 branch of the dungeon, and saw 4 of its levels.

You collected 385 gold pieces.
You spent 192 gold pieces at shops.

Inventory:

Hand Weapons
 a - a +1 dagger
 n - a +3 short sword
 x - the +10 broad axe "Roaf" (weapon) {vorpal, rPois rC- Int+4}
   (You found it on level 4 of the Dungeon)

   It inflicts extra damage upon your enemies.
   It affects your intelligence (+4).
   It makes you vulnerable to cold.
   It protects you from poison.
Missiles
 i - 17 poisoned darts
Armour
 s - a +0 tower shield
Jewellery
 q - a ring of protection from cold (left tentacle)
 w - a ring of resist corrosion (right tentacle)
Wands
 k - a wand of acid (7)
Scrolls
 c - 3 scrolls of identify
 d - 2 scrolls of teleportation
 e - a scroll of noise {unknown}
 g - 3 scrolls of remove curse
 h - a scroll of enchant armour {unknown}
 l - a scroll of blinking {unknown}
 p - a scroll of magic mapping {unknown}
 r - a scroll of enchant weapon {unknown}
 u - a scroll of immolation {unknown}
Potions
 b - 5 potions of degeneration
 f - a potion of flight
 j - 2 potions of might {unknown}
 m - 2 potions of curing
 o - 2 potions of haste {unknown}
 t - 2 potions of cancellation
 v - a potion of attraction {unknown}


   Skills:
 * Level 3.7 Fighting
 + Level 2.5 Short Blades
 + Level 3.2 Dodging
 + Level 5.5 Stealth
 + Level 1.5 Shields
 + Level 3.0 Spellcasting
 + Level 4.1 Hexes


You had 6 spell levels left.
You knew the following spells:

 Your Spells              Type           Power        Failure   Level
a - Corona                Hex            23%          2%          1
b - Ensorcelled Hibernat  Hex/Ice        24%          8%          2
c - Dazzling Flash        Conj/Hex       24%          16%         3

Your spell library contained the following spells:

 Spells                   Type           Power        Failure   Level
 Confusing Touch          Hex            21%          7%          3
 Tukima's Dance           Hex            21%          7%          3
 Magic Dart               Conj           12%          12%         1
 Searing Ray              Conj           6%           19%         2
 Fulminant Prism          Conj/Hex       6%           45%         4
 Iskenderun's Mystic Bla  Conj/Tloc      3%           77%         4


Dungeon Overview and Level Annotations

Branches:
Dungeon (4/15)
 Temple: D:4-7

Altars:
Fedhas
Kikubaaqudgha
Uskayaw

Shops:
D:4 !

Annotations:
D:4 Edmund


Innate Abilities, Weirdness & Mutations

You cannot wear most types of armour.
You are very stealthy in the water. (Stealth+)
You are amphibious.
You can wear up to eight rings at the same time.
You can use your tentacles to constrict eight enemies at once.
Your skin changes colour to match your surroundings (Stealth+).
Your rubbery body absorbs attacks. (AC +1, EV +1)
Your mind is acute. (Int +2)
You expend magic power (3 MP) to strengthen your wands.


Message History

Aim: Edmund, wielding a +1 dire flail of protection and wearing a +0 chain mail (severely wounded, constricted by you, chance to affect: 43%)
You miscast Ensorcelled Hibernation.
You are very lightly contaminated with residual magic.
Nothing appears to happen.
You constrict Edmund, but do no damage.
Edmund hits you with a +1 dire flail of protection.
* * * LOW HITPOINT WARNING * * *
You take 1 damage, and have 3/47 hp.
You now have 7/11 mp.
Casting: Ensorcelled Hibernation (safe; 8% risk of failure)
Confirm with . or Enter, or press ? or * to list all spells.
Aiming: Ensorcelled Hibernation (safe; 8% risk of failure)
Press: ? - help, Shift-Dir - straight line, f/p - Edmund
Aim: Edmund, wielding a +1 dire flail of protection and wearing a +0 chain mail (severely wounded, constricted by you, chance to affect: 43%) Edmund looks drowsy...
You constrict Edmund.
You now have 5/11 mp.
The helpless Edmund fails to defend himself.
You hit Edmund.
Edmund is almost dead.
You constrict Edmund.
Edmund hits you with a +1 dire flail of protection!
You die...

#.#...........#
#.......†###.##.#
#.#....#.# #.##.##
#.#......# #......
#.##...#.# ####.##
?.....##.# #.##
#.###.##.# #...
#@# #.##.# #...
#@###'##.# ##..
#........# ##.
###.....## ###.
##.......## ##.#.
#.........####....
+........)+.......
#.........####....
##.......## ##.#.
##.....## #...


You could see Edmund.

Vanquished Creatures
  Menkaure (D:4)
  Blork the orc (D:4)
  An orc priest (D:2)
  A centaur skeleton (D:4)
  2 worker ants
  Natasha (D:4)
  4 gnolls (D:4)
  8 adders
  A shadow imp (D:3)
  An ooze (D:2)
  A worm (D:3)
  2 dart slugs (D:1)
  7 leopard geckos
  11 orcs
  8 bats
  3 giant cockroaches
  9 goblins
  6 hobgoblins
  2 jackals (D:1)
  4 quokkas
  A ball python (D:3)
  3 frilled lizards
  6 kobolds
  7 rats
91 creatures vanquished.

Vanquished Creatures (others)
  5 plants (D:3)
  5 withered plants (D:3)
10 creatures vanquished.

Grand Total: 101 creatures vanquished

Notes
Turn   | Place    | Note
-------+----------+-------------------------------------------
     0 | D:1      | kaeus the Octopode Enchanter began the quest for the Orb.
     0 | D:1      | Reached XP level 1. HP: 11/11 MP: 3/3
   137 | D:1      | Reached XP level 2. HP: 12/18 MP: 5/5
   323 | D:1      | Learned a level 2 spell: Ensorcelled Hibernation
   428 | D:1      | Reached skill level 1 in Fighting
   908 | D:1      | Reached XP level 3. HP: 23/23 MP: 6/6
  1803 | D:2      | Reached XP level 4. HP: 29/29 MP: 7/7
  2399 | D:2      | Learned a level 3 spell: Dazzling Flash
  3017 | D:3      | Reached XP level 5. HP: 30/35 MP: 8/8
  3635 | D:3      | Noticed a +0 dagger
  4287 | D:3      | Noticed a +0 hand axe
  4312 | D:3      | Found a blossoming altar of Fedhas.
  4314 | D:3      | Found an ancient bone altar of Kikubaaqudgha.
  4336 | D:3      | Found a hide-covered altar of Uskayaw.
  4345 | D:3      | Became a worshipper of Uskayaw the Reveller
  4401 | D:4      | Reached * piety under Uskayaw
  4403 | D:4      | Reached skill level 5 in Stealth
  4471 | D:4      | Reached XP level 6. HP: 41/41 MP: 10/10
  4489 | D:4      | Noticed Blork the orc
  4494 | D:4      | Reached ** piety under Uskayaw
  4496 | D:4      | Killed Blork the orc
  4526 | D:4      | Reached skill level 1 in Shields
  4597 | D:4      | Found Wyelod's Distillery.
  4603 | D:4      | Bought 2 potions of mutation for 192 gold pieces
  4603 | D:4      | Gained mutation: You tend to lose your temper in combat.
                  | [potion of mutation]
  4603 | D:4      | Gained mutation: One of your tentacles bears a spike.
                  | [potion of mutation]
  4604 | D:4      | Lost mutation: You tend to lose your temper in combat.
                  | [potion of mutation]
  4604 | D:4      | Lost mutation: One of your tentacles bears a spike. [potion
                  | of mutation]
  4604 | D:4      | Gained mutation: Your mind is acute. (Int +2) [potion of
                  | mutation]
  4604 | D:4      | Gained mutation: You are agile. (Dex +2) [potion of
                  | mutation]
  4604 | D:4      | Lost mutation: You are agile. (Dex +2) [potion of mutation]
  4604 | D:4      | Gained mutation: You expend magic power (3 MP) to
                  | strengthen your wands. [potion of mutation]
  4620 | D:4      | Noticed Menkaure
  4624 | D:4      | Got a crude broad axe
  4625 | D:4      | Identified the +10 broad axe "Roaf" {vorpal, rPois rC-
                  | Int+4} (You found it on level 4 of the Dungeon)
  4629 | D:4      | Killed Menkaure
  4630 | D:4      | Reached XP level 7. HP: 12/46 MP: 11/11
  4961 | D:4      | Reached *** piety under Uskayaw
  5210 | D:4      | Noticed Natasha
  5216 | D:4      | Killed Natasha
  5316 | D:4      | Noticed Edmund
  5328 | D:4      | Slain by Edmund

Illustrated notes

Levels and vault maps discovered:
D:1:      ncdulo_wetmaze, layout_loops_ring
D:2:      layout_basic
D:3:      layout_loops_ring, dancing_weapons_uskayaw,
          grunt_temple_overflow_growth_and_decay
D:4:      layout_loops_corners, serial_shops, shop, uniq_menkaure, uniq_natasha,
          uniq_blork_the_orc, uniq_duvessa, uniq_edmund

Skill      XL: |  1  2  3  4  5  6  7 |
---------------+----------------------+-----
Fighting       | 1 2 3 |  3.7
Short Blades   | 2 |  2.5
Stealth        | 5 |  5.5
Dodging        | 3 |  3.2
Shields        | 1 |  1.5
Spellcasting   | 3 |  3.0
Hexes          | 4 |  4.1

Action                   |  1- 3 |  4- 6 |  7- 9 || total
-------------------------+-------+-------+-------++-------
Melee: Dagger            |    61 |    18 |       ||    79
       Constrict         |    11 |    23 |     4 ||    38
       Tentacles         |     8 |    15 |     1 ||    24
       Short sword       |       |    72 |       ||    72
       Broad axe         |       |     2 |    22 ||    24
 Cast: Ensorcelled Hiber |     8 |     7 |     2 ||    17
       Corona            |     1 |       |       ||     1
  Use: Scroll            |       |     3 |       ||     3
       Potion            |       |     2 |     5 ||     7
 Stab: Sleeping          |    16 |    18 |     1 ||    35
       Paralysed         |       |       |     3 ||     3
Armor: Skin              |     1 |     4 |     1 ||     6
Dodge: Dodged            |    35 |    55 |    26 ||   116
